Map: [ESL] Alcyone

Players

Aristori

  • Race: Zerg Zerg
  • Spawn Location: 7:00

GunGFuBanDa - Winner!

  • Race: Protoss Protoss
  • Spawn Location: 1:00

Event: ESL SC2 Masters 2024 Spring (Regional)

VOD

Have the link to the VOD?

Description

Time

  • Played on: April 13, 2024, 11:17 a.m.
  • Length: 13:25

All games in this series

Show
View Real Time Build Order
Export as new Build Order

Aristori Zerg 

Build Orders: Hatch First 

Get SALT Encoding   

  12  0:00  Drone  
  13  0:12  Overlord  
  13  0:17  Drone  
  14  0:31  Drone x2  
  16  0:48  Hatchery  
  15  0:52  Drone  
  15  0:54  Drone  
  17  0:57  Drone  
  18  1:08  Extractor  
  17  1:13  Spawning Pool  
  17  1:17  Drone  
  17  1:20  Drone  
  18  1:29  Drone  
  19  1:38  Drone  
  20  1:49  Overlord  
  20  2:00  Queen x2  
  24  2:01  Zergling x4  
  26  2:13  Drone x2  
  28  2:18  Metabolic Boost  
  28  2:23  Drone x2  
  30  2:35  Hatchery  
  29  2:40  Drone x2  
  31  2:46  Queen  
  33  2:51  Overlord  
  33  2:54  Drone  
  33  2:55  Drone  
  33  2:58  Drone  
  36  3:06  Overlord  
  36  3:11  Queen  
  38  3:13  Drone x2  
  38  3:14  Drone  
  38  3:18  Overlord  
  41  3:24  Queen  
  43  3:28  Drone x2  
  43  3:29  Drone  
  46  3:34  Overlord  
  46  3:38  Drone  
  47  3:43  Drone x3  
  50  3:48  Roach Warren  
  50  3:52  Overlord  
  50  3:53  Drone  
  50  3:54  Drone  
  50  3:55  Zergling x2  
  52  3:56  Zergling x2  
  52  3:58  Zergling x2  
  54  4:04  Zergling x2  
  54  4:05  Zergling x4  
  57  4:11  Zergling x6  
  60  4:17  Zergling x6  
  60  4:20  Overlord  
  62  4:28  Roach x5  
  72  4:35  Roach  
  72  4:36  Roach  
  76  4:39  Zergling x6  
  79  4:51  Roach x2  
  83  4:53  Overlord  
  83  4:59  Drone x7  
  90  5:06  Evolution Chamber  
  88  5:11  Overlord, Drone  
  88  5:12  Overlord  
  89  5:16  Overlord  
  89  5:18  Overlord  
  83  5:39  Drone x11  
  89  5:43  Lair  
  89  5:45  Extractor  
  89  5:46  Extractor  
  85  5:54  Drone  
  83  6:02  Queen  
  81  6:05  Drone x5  
  86  6:12  Extractor  
  83  6:23  Roach x6  
  91  6:31  Overlord x2  
  91  6:42  Glial Reconstitution, Extractor  
  91  6:44  Zergling x18  
  99  6:53  Zerg Missile Weapons Level 1  
  99  6:58  Roach  
  99  6:59  Roach x4  
  109  7:05  Zergling x8  
  113  7:11  Overlord  
  113  7:15  Zergling x10  
  116  7:16  Ravager x2  
  116  7:17  Ravager  
  121  7:23  Overlord  
  121  7:24  Zergling x2, Overlord  
  121  7:25  Zergling x4  
  124  7:32  Roach  
  124  7:33  Roach x4  
  124  7:36  Ravager  
  135  7:37  Ravager  
  135  7:42  Zergling x6  
  139  7:49  Overlord x2  
  139  7:50  Roach x4  
  147  7:59  Roach x3  
  147  8:05  Ravager  
  154  8:06  Overlord  
  154  8:07  Overlord  
  154  8:13  Overlord  
  154  8:14  Roach x6  
  154  8:17  Ravager x2  
  168  8:26  Roach  
  168  8:27  Roach x3  
  176  8:39  Overlord  
  152  8:51  Drone  
  152  8:52  Drone x7  
  146  8:56  Baneling Nest  
  118  9:03  Drone x5  
  123  9:14  Drone x5  
  110  9:24  Extractor  
  110  9:25  Zerg Missile Weapons Level 2  
  109  9:33  Hatchery  
  109  9:35  Zergling x12  
  109  9:38  Roach x5  
  124  9:40  Ravager x9  
  124  9:44  Zergling x2  
  124  9:45  Zergling x4  
  135  9:48  Roach  
  137  9:53  Roach x4  
  137  9:59  Roach  
  147  10:06  Roach x6  
  157  10:11  Overlord  
  157  10:13  Zergling x8  
  157  10:15  Centrifugal Hooks  
  156  10:27  Hatchery  
  155  10:32  Zergling x2  
  155  10:33  Zergling x10  
  160  10:40  Overseer  
  160  10:47  Zergling x4  
  160  10:48  Zergling x12  
  154  11:00  Drone x3  
  154  11:01  Drone x3  
  155  11:06  Baneling x10  
  155  11:07  Baneling x12  
  155  11:09  Drone  
  156  11:20  Zergling x8  
  156  11:21  Zergling x6  
  161  11:31  Drone x6  
  166  11:39  Drone x5  
  171  11:49  Zergling x2  
  171  11:50  Zergling x12  
  176  12:02  Zergling x2  
  176  12:03  Zergling x12  
  181  12:20  Zergling x26  
  194  12:27  Baneling x14  
  193  12:37  Infestation Pit  
  193  12:39  Drone x8  
  145  13:00  Zergling x22  
Show
View Real Time Build Order
Export as new Build Order

GunGFuBanDa Protoss - Winner!

Build Orders: 1 Gate Expand 

Get SALT Encoding   

  12  0:00  Probe  
  13  0:12  Probe  
  14  0:17  Pylon  
  14  0:24  Probe (Chrono Boost)  
  15  0:36  Probe (Chrono Boost)  
  15  0:38  Gateway  
  16  0:45  Probe (Chrono Boost)  
  16  0:46  Assimilator  
  17  0:51  Probe  
  18  1:03  Probe  
  19  1:15  Probe  
  20  1:23  Nexus  
  20  1:33  Cybernetics Core  
  20  1:35  Probe  
  20  1:39  Assimilator  
  21  1:47  Probe  
  21  1:49  Pylon  
  22  2:01  Probe (Chrono Boost)  
  23  2:09  Warp Gate, Adept  
  23  2:13  Probe (Chrono Boost)  
  26  2:20  Probe (Chrono Boost)  
  27  2:23  Twilight Council  
  27  2:27  Probe (Chrono Boost)  
  28  2:35  Probe (Chrono Boost)  
  29  2:39  Probe (Chrono Boost)  
  29  2:41  Stalker  
  33  2:45  Probe (Chrono Boost)  
  33  2:46  Probe (Chrono Boost)  
  33  2:50  Probe (Chrono Boost)  
  34  2:53  Probe  
  34  2:56  Robotics Facility  
  36  3:02  Probe  
  36  3:03  Resonating Glaives (Chrono Boost)  
  37  3:06  Probe  
  38  3:17  Gateway, Adept  
  40  3:22  Gateway  
  40  3:30  Gateway  
  40  3:32  Probe  
  40  3:33  Probe  
  42  3:36  Pylon  
  42  3:40  Warp Prism (Chrono Boost)  
  44  3:52  Probe  
  44  3:53  Probe  
  44  3:54  Pylon  
  46  3:57  Adept  
  48  4:05  Probe x2  
  48  4:07  Pylon  
  50  4:11  Observer  
  50  4:13  Adept  
  50  4:17  Probe  
  54  4:19  Probe  
  54  4:23  Pylon  
  55  4:27  Adept x3  
  61  4:31  Probe  
  61  4:33  Adept  
  61  4:34  Probe  
  61  4:37  Assimilator  
  65  4:40  Pylon  
  65  4:50  Probe  
  65  4:51  Nexus, Probe  
  67  4:56  Pylon  
  67  5:05  Probe (Chrono Boost)  
  68  5:07  Probe (Chrono Boost)  
  68  5:12  Assimilator  
  68  5:13  Robotics Facility  
  69  5:16  Probe (Chrono Boost)  
  69  5:17  Probe (Chrono Boost)  
  69  5:20  Pylon  
  71  5:21  Probe (Chrono Boost)  
  71  5:22  Sentry  
  71  5:23  Adept  
  71  5:24  Adept  
  71  5:25  Adept  
  80  5:30  Immortal (Chrono Boost)  
  72  5:42  Probe  
  72  5:43  Probe  
  72  5:46  Adept x3  
  73  5:58  Probe x2, Adept  
  73  6:01  Immortal (Chrono Boost)  
  81  6:10  Blink, Probe x2  
  81  6:23  Probe (Chrono Boost)  
  81  6:25  Probe (Chrono Boost)  
  81  6:26  Nexus  
  81  6:28  Sentry, Stalker, Shield Battery  
  85  6:35  Probe (Chrono Boost)  
  85  6:39  Probe (Chrono Boost)  
  85  6:40  Probe (Chrono Boost)  
  85  6:44  Shield Battery  
  85  6:45  Robotics Bay  
  85  6:46  Pylon  
  85  6:47  Probe  
  87  6:49  Forge, Probe  
  87  6:52  Immortal (Chrono Boost)  
  88  6:59  Probe  
  88  7:01  Assimilator, Probe  
  94  7:07  Assimilator  
  94  7:11  Sentry, Probe  
  94  7:12  Stalker  
  94  7:13  Stalker x2, Probe  
  104  7:22  Shield Battery  
  104  7:23  Probe  
  104  7:24  Photon Cannon  
  104  7:25  Probe  
  104  7:28  Photon Cannon  
  106  7:31  Pylon  
  106  7:32  Disruptor (Chrono Boost)  
  110  7:38  Probe x2  
  112  7:45  Shield Battery  
  112  7:48  Pylon  
  112  7:57  Observer  
  112  7:59  Disruptor (Chrono Boost)  
  112  8:01  Stalker x4  
  112  8:03  Photon Cannon  
  112  8:05  Shield Battery  
  124  8:07  Pylon, Protoss Ground Weapons Level 1 (Chrono Boost)  
  124  8:10  Shield Battery  
  124  8:12  Photon Cannon  
  124  8:18  Photon Cannon  
  124  8:28  Stalker x4, Disruptor  
  134  8:51  Adept  
  134  8:52  Adept x3  
  128  9:03  Disruptor  
  131  9:17  Gateway  
  131  9:20  Stalker x4  
  131  9:21  Gateway  
  131  9:22  Probe x2  
  131  9:23  Gateway  
  141  9:25  Gateway  
  141  9:29  Pylon  
  141  9:32  Gravitic Drive  
  141  9:38  Nexus  
  141  9:40  Pylon  
  141  9:41  Charge (Chrono Boost)  
  141  9:45  Pylon  
  141  9:47  Pylon, Disruptor (Chrono Boost)  
  145  10:11  Protoss Ground Weapons Level 2 (Chrono Boost)  
  143  10:14  Zealot x5  
  143  10:19  Disruptor (Chrono Boost)  
  151  10:24  Templar Archives  
  151  10:28  Forge, Probe x2, Photon Cannon  
  157  10:29  Gateway  
  157  10:30  Shield Battery  
  149  10:47  Psionic Storm  
  149  10:48  Immortal  
  153  10:52  Zealot x7  
  153  10:53  Zealot  
  165  11:00  Protoss Ground Armor Level 1  
  159  11:05  Assimilator  
  159  11:06  Assimilator  
  159  11:14  High Templar x2  
  159  11:15  High Templar x2  
  159  11:17  High Templar  
  169  11:28  Immortal (Chrono Boost)  
  171  11:43  Photon Cannon  
  171  11:44  Photon Cannon  
  171  11:46  Shield Battery  
  171  11:48  Pylon  
  169  11:55  Zealot x9  
  169  11:56  Stargate  
  187  12:08  Immortal  
  177  12:19  Zealot x9  
  191  12:31  Nexus  
  189  12:40  High Templar x3  
  189  12:43  Pylon  
  193  12:45  Pylon  
  189  12:55  Archon x2  
  163  13:18  Stalker x2  
  163  13:19  Stalker x7  
Tags
 
Add a new tag
Caveats
  • Supply blocks, unpowered buildings, or Contaminate may cause inaccurate times.
  • Supply counts are checked every 10 seconds.